 Dungeon Crawl Stone Soup version 0.22-a0-605-g9281fa2 (webtiles) character file.

398 Mamutox the Cudgeler (level 6, -9/62 HPs)
             Began as a Troll Monk on July 8, 2018.
             Killed by divine providence
             ... invoked by an orc priest
              (14 damage)
             ... while paralysed
             ... on level 5 of the Dungeon.
             The game lasted 00:12:00 (3163 turns).

Mamutox the Cudgeler (Troll Monk)                   Turns: 3163, Time: 00:12:02

Health: -9/62      AC:  5    Str: 20    XL:     6   Next: 53%
Magic:  5/5        EV:  1    Int:  6    God:
Gold:   254        SH:  0    Dex: 14    Spells: 5/5 levels left

rFire    . . .     SeeInvis .   a - +0 mace
rCold    . . .     Gourm    +   (no shield)
rNeg     . . .     Faith    +   b - +0 robe
rPois    .         Spirit   .   (helmet restricted)
rElec    .         Reflect  .   (no cloak)
rCorr    .         Harm     .   (gloves unavailable)
MR       .....                  (boots unavailable)
Stlth    ++........             p - amulet of faith
HPRegen  0.60/turn              (no ring)
MPRegen  0.09/turn              (no ring)

@: paralysed, lethally poisoned (-9 -> -9), berserk cooldown, slowed
A: large, unfitting armour, claws 3, fast metabolism 3, gourmand, regeneration
1, shaggy fur 1, tough skin 2
a: no special abilities


You were on level 5 of the Dungeon.
You were not hungry.

You visited 1 branch of the dungeon, and saw 5 of its levels.

You collected 254 gold pieces.

Inventory:

Hand Weapons
 a - a +0 mace (weapon)
Missiles
 r - 8 poisoned javelins (quivered)
Armour
 b - a +0 robe (worn)
Jewellery
 p - an amulet of faith (around neck)
Scrolls
 f - 3 scrolls of identify
 g - a scroll of enchant armour {unknown}
 h - a scroll of enchant weapon {unknown}
 i - a scroll of magic mapping {unknown}
 k - a scroll of immolation
 l - a scroll of blinking {unknown}
 m - 2 scrolls of fear {unknown}
 q - a scroll of amnesia
Potions
 d - a potion of berserk rage
 e - 2 potions of heal wounds
 j - a potion of cancellation {unknown}
 n - a potion of might {unknown}
 o - a potion of curing {unknown}
 s - a potion of invisibility {unknown}
Comestibles
 c - 10 rations


   Skills:
 + Level 4.1 Fighting
 + Level 4.6 Maces & Flails
 + Level 1.9 Throwing
 + Level 3.1 Dodging
 - Level 1.0 Stealth


You had 5 spell levels left.
You didn't know any spells.
Your spell library was empty.

Dungeon Overview and Level Annotations

Branches:
Dungeon (5/15)
 Temple: D:4-7

Altars:
Dithmenos
Zin


Innate Abilities, Weirdness & Mutations

You are too large for most types of armour.
You have claws for hands.
Your metabolism is lightning-fast.
You like to eat raw meat.
Your natural rate of healing is unusually fast.
You are covered in fur. (AC +1)
You have very tough skin. (AC +2)


Message History

You hit the orc priest but do no damage.
The orc priest is almost dead.
The howler monkey closely misses you. The adder closely misses you.
The orc hits you but does no damage.
The orc wizard hits you but does no damage.
The howler monkey hoots and howls with incredible vigour!
The adder bites you but does no damage.
You are no longer berserk.
You pass out from exhaustion.
You feel yourself slow down.
You feel sick.
The orc priest mumbles some strange prayers to Beogh against you.
Pain shoots through your body!
* * * LOW HITPOINT WARNING * * *
The orc wizard mumbles some strange words.
The orc wizard blinks!
The orc priest looks encouraged for a moment.
The orc hits you but does no damage.
The orc priest mumbles some strange prayers to Beogh against you.
Beogh smites you!
You die...

#...#.......
#....%....o
#.........######
#........?##...#
#...o##...##...#
#Y...##...##...#
#oSlo..........#
#oo)oo.........#
#@h§...........#
################


You could see an ice beast, a howler monkey, 2 orc priests, an orc wizard, an
adder, 4 orcs and a leopard gecko.

Vanquished Creatures
  A phantom (D:4)
  A scorpion (D:5)
  An orc priest (D:5)
  2 iguanas
  A worker ant (D:4)
  A worker ant zombie (D:3)
  7 adders
  4 worms
  2 leopard geckos
  An orc (D:5)
  7 giant cockroaches
  13 hobgoblins
  2 quokkas (D:3)
  9 bats
  2 frilled lizards
  5 goblins
  11 kobolds
  A leopard gecko skeleton (D:4)
  7 rats
78 creatures vanquished.

Notes
Turn   | Place    | Note
-------+----------+-------------------------------------------
     0 | D:1      | Mamutox the Troll Monk began the quest for the Orb.
     0 | D:1      | Reached XP level 1. HP: 22/22 MP: 0/0
   201 | D:1      | Reached XP level 2. HP: 29/29 MP: 1/1
   583 | D:2      | Reached XP level 3. HP: 13/37 MP: 2/2
   845 | D:2      | Found a shadowy altar of Dithmenos.
  1147 | D:2      | Reached XP level 4. HP: 41/45 MP: 3/3
  1926 | D:3      | Reached XP level 5. HP: 48/54 MP: 4/4
  2037 | D:4      | Noticed a phantom
  2090 | D:4      | Killed a phantom
  2090 | D:4      | Reached skill level 1 in Throwing
  2307 | D:4      | Found a glowing silver altar of Zin.
  2573 | D:4      | Reached XP level 6. HP: 25/62 MP: 5/5
  3035 | D:5      | Entered Level 5 of the Dungeon
  3035 | D:5      | Noticed an ice beast
  3163 | D:5      | Killed from afar by an orc priest

Vault maps used:
D:1:      giann_wishing_wells
D:2:      nicolae_dithmenos_shadow_blocks
D:3:      first_ration
D:4:      zin_treasury, hangedman_decor_slide_cut
D:5:      gammafunk_temple_overflow_wave

Skill      XL: |  1  2  3  4  5  6 |
---------------+-------------------+-----
Maces & Flails | 3 4 |  4.6
Fighting       | 3 4 |  4.1
Throwing       | 1 |  1.9
Dodging        | 3 |  3.1
Stealth        | |  1.0

Action                   |  1- 3 |  4- 6 || total
-------------------------+-------+-------++-------
Melee: Mace              |   165 |   200 ||   365
  Use: Scroll            |       |     6 ||     6
       Potion            |       |     1 ||     1
 Stab: Sleeping          |     1 |     4 ||     5
  Eat: Chunk             |    16 |    14 ||    30
Armor: Robe              |    82 |    69 ||   151
Dodge: Dodged            |   120 |   132 ||   252

Table legend:
 A = Spawn XP
 B = Non-spawn XP
 C = Spawn XP percentage of total XP
 D = Spawn monster count
 E = Non-spawn monster count
 F = Spawn count percentage of total count
 G = Total turns spent on level
                    A         B        C        D         E        F      G
               +---------+---------+-------+---------+---------+-------+---------
         Total |       0 |     569 |   0.0 |       0 |      78 |   0.0 |  3163
               +---------+---------+-------+---------+---------+-------+---------
           D:1 |       0 |      35 |   0.0 |       0 |      25 |   0.0 |   546
           D:2 |       0 |      74 |   0.0 |       0 |      20 |   0.0 |   786
           D:3 |       0 |      99 |   0.0 |       0 |      20 |   0.0 |   585
           D:4 |       0 |     206 |   0.0 |       0 |       8 |   0.0 |  1160
           D:5 |       0 |     155 |   0.0 |       0 |       5 |   0.0 |    86
               +---------+---------+-------+---------+---------+-------+---------
